 Dungeon Crawl Stone Soup version 0.26-a0-1026-g544776af23 (webtiles) character file.

Game seed: 8703062458310700019

175 lunkers the Skirmisher (level 5, -3/58 HPs)
             Began as an Ogre Fighter on Dec 9, 2020.
             Slain by a water moccasin (10 damage)
             ... on level 3 of the Dungeon.
             The game lasted 00:03:37 (3616 turns).

lunkers the Skirmisher (Ogre Fighter)               Turns: 3616, Time: 00:03:38

Health: -3/58      AC:  3    Str: 21    XL:     5   Next: 55%
Magic:  5/5        EV:  8    Int:  9    God:
Gold:   147        SH:  8    Dex:  8    Spells: 4/4 levels left

rFire    . . .     SeeInvis .   a - +0 flail
rCold    . . .     Faith    .   c - +0 kite shield
rNeg     . . .     Spirit   .   b - +0 robe
rPois    .         Reflect  .   (helmet restricted)
rElec    .         Harm     .   (no cloak)
rCorr    .         Rampage  .   (gloves unavailable)
Will     .....                  (boots unavailable)
Stlth    +.........             (no amulet)
HPRegen  0.19/turn              (no ring)
MPRegen  0.09/turn              (no ring)

@: no status effects
A: large, unfitting armour, tough skin 1
a: no special abilities


You were on level 3 of the Dungeon.
You visited 1 branch of the dungeon, and saw 3 of its levels.

You collected 147 gold pieces.

Inventory:

Hand Weapons
 a - a +0 flail (weapon)
Armour
 b - a +0 robe (worn)
 c - a +0 kite shield (worn)
Jewellery
 r - a +4 ring of slaying {unknown}
Scrolls
 f - 4 scrolls of teleportation {unknown}
 g - 2 scrolls of enchant armour {unknown}
 h - a scroll of fear {unknown}
 i - 2 scrolls of noise {unknown}
 k - a scroll of magic mapping {unknown}
 l - 2 scrolls of remove curse {unknown}
 n - 2 scrolls of identify {unknown}
 p - a scroll of enchant weapon {unknown}
Potions
 d - a potion of might
 e - 2 potions of invisibility {unknown}
 m - 4 potions of resistance {unknown}
 o - a potion of heal wounds {unknown}
 q - 2 potions of mutation {unknown}


   Skills:
 + Level 5.6 Fighting
 * Level 4.3 Maces & Flails
 - Level 2.6 Dodging
 - Level 2.6 Shields


You had 4 spell levels left.
You didn't know any spells.
Your spell library was empty.

Dungeon Overview and Level Annotations

Branches:
Dungeon (3/15)

Altars:
Dithmenos
Yredelemnul


Innate Abilities, Weirdness & Mutations

You are too large for most types of armour.
You have tough skin. (AC +1)


Message History

Okay, then.
You feel better. The water moccasin bites you!
* * * LOW HITPOINT WARNING * * *
You aren't carrying any items that you can evoke.
Unknown command.
You miss the water moccasin.
The water moccasin is moderately wounded.
You block the water moccasin's attack. The water moccasin bites you.
* * * LOW HITPOINT WARNING * * *
You barely miss the water moccasin.
The water moccasin is moderately wounded.
The water moccasin bites you.
* * * LOW HITPOINT WARNING * * *
The water moccasin bites you.
* * * LOW HITPOINT WARNING * * *
Unknown command.
You sock the water moccasin!
The water moccasin is heavily wounded.
The water moccasin bites you!
You die...

########## ######
#........# #....#
#.######.# #.##.# #.# #.#
#.##.#####.######.#
#.##.#............#
#.##.#............###
#.##@#...............
#.##S#........(.....#
#.##.#..[........##.#
#.##.####..#.#....#.#
#.##.# #..#......#.#
#####.#######....#....#.#
##...........#.#.......#..
#..........#.#.........#..
#......†...#.#.........#..


You could see a water moccasin.

Vanquished Creatures
  An orc priest (D:3)
  An orc wizard (D:3)
  An adder (D:2)
  4 gnolls
  A worm (D:3)
  A dart slug (D:1)
  4 leopard geckos
  2 orcs (D:2)
  4 giant cockroaches
  7 goblins
  8 hobgoblins
  3 jackals (D:1)
  A ball python (D:2)
  7 bats
  5 frilled lizards
  8 kobolds
  8 rats
66 creatures vanquished.

Notes
Turn   | Place    | Note
-------+----------+-------------------------------------------
     0 | D:1      | lunkers the Ogre Fighter began the quest for the Orb.
     0 | D:1      | Reached XP level 1. HP: 24/24 MP: 1/1
   169 | D:1      | Reached XP level 2. HP: 20/32 MP: 2/2
   585 | D:1      | Reached XP level 3. HP: 29/40 MP: 3/3
  1479 | D:2      | Found a faded altar of an unknown god.
  1595 | D:2      | Reached XP level 4. HP: 19/49 MP: 4/4
  1867 | D:2      | Reached skill level 5 in Fighting
  2140 | D:2      | Found a basalt altar of Yredelemnul.
  2684 | D:3      | Found a shadowy altar of Dithmenos.
  2980 | D:3      | Reached XP level 5. HP: 3/57 MP: 5/5
  3600 | D:3      | Noticed a water moccasin
  3616 | D:3      | Slain by a water moccasin

Illustrated notes

Levels and vault maps discovered:
D:1:      arrival_zaba_pyramid, layout_basic, chequers_serial_rivers_micro_e,
          minmay_crystal_water, corexii_corridor_pit, grunt_decor_cap
D:2:      layout_rooms, lemuel_doored_altar, serial_aquarium,
          aquarium_bridge_straight [aquarium_subvault_bridge,
          aquarium_subvault_balcony, aquarium_subvault_bridge,
          aquarium_subvault_wall], aquarium_bridge_straight
          [aquarium_subvault_bridge, aquarium_subvault_wall,
          aquarium_subvault_bridge, aquarium_subvault_window],
          aquarium_window_corner, aquarium_window_fake, aquarium_window_1,
          aquarium_view_2c, aquarium_view_2c, chequers_ecumenical_altar_simple,
          minmay_heptomino_w4
D:3:      layout_basic, grunt_dithmenos_smoke

Skill      XL: |  1  2  3  4 |
---------------+-------------+-----
Maces & Flails | 2 3 4 |  4.3
Fighting       | 5 |  5.6
Dodging        | |  2.6
Shields        | |  2.6

Action                   |  1- 3 |  4- 6 || total
-------------------------+-------+-------++-------
Melee: Flail             |   134 |    92 ||   226
  Use: Potion            |       |     3 ||     3
 Stab: Sleeping          |     1 |       ||     1
Armor: Robe              |    50 |    16 ||    66
Dodge: Dodged            |    46 |    25 ||    71
Block: Kite shield       |    69 |    41 ||   110

Table legend: (Time is in decaauts)
 A = Elapsed time spent in this place.
 B = Non-inter-level travel time spent in this place.
 C = Inter-level travel time spent in this place.
 D = Time resting spent in this place.
 E = Time spent auto-exploring this place.
 F = Levels seen in this place.
 G = Mean time per level.
                   A        B        C        D        E       F      G
               +--------+--------+--------+--------+--------+-----+--------+
         Total |   3692 |   3632 |     60 |    706 |   2373 |   3 | 1230.7 |
       Dungeon |   3692 |   3632 |     60 |    706 |   2373 |   3 | 1230.7 |
               +--------+--------+--------+--------+--------+-----+--------+

Top non-repeatable levels by time:
     D:2: 1674 daAuts
     D:1: 1554 daAuts
     D:3: 462 daAuts
